 Dungeon Crawl Stone Soup version 0.29.1-4-g47bece8355 (webtiles) character file.

Game seed: 18440513410677444480

4 ChadusMaximus the Caller (level 1, 2/13 HPs)
             Began as a Human Summoner on Dec 6, 2022.
             Got out of the dungeon alive.
             The game lasted 00:00:33 (155 turns).

ChadusMaximus the Caller (Human Summoner)            Turns: 155, Time: 00:00:34

Health: 2/13       AC:  2    Str:  8    XL:     1   Next: 66%
Magic:  1/3        EV: 12    Int: 15    God:
Gold:   9          SH:  0    Dex: 13    Spells: 3/4 levels left

rFire   . . .      SeeInvis .   (no weapon)
rCold   . . .      Faith    .   (no shield)
rNeg    . . .      Spirit   .   a - +0 robe
rPois   .          Reflect  .   (no helmet)
rElec   .          Harm     .   (no cloak)
rCorr   .          Rampage  .   (no gloves)
Will    .....                   (no boots)
Stlth   ++........              (no amulet)
HPRegen 0.04/turn               (no ring)
MPRegen 0.08/turn               (no ring)

@: no status effects
A: no striking features
a: no special abilities


You escaped.
You visited 1 branch of the dungeon, and saw 1 of its levels.

You collected 9 gold pieces.

Inventory:

Armour
 a - a +0 robe (worn)
Potions
 b - a potion of magic


   Skills:
 - Level 2.0 Dodging
 - Level 2.0 Stealth
 + Level 2.1 Spellcasting
 * Level 4.1 Summonings


You had 3 spell levels left.
You knew the following spells:

 Your Spells              Type           Power      Damage    Failure   Level
a - Summon Small Mammal   Summ           56%        N/A       4%          1

Your spell library contained the following spells:

 Spells                   Type           Power      Damage    Failure   Level
 Call Imp                 Summ           14%        N/A       6%          2
 Call Canine Familiar     Summ           14%        N/A       12%         3
 Summon Guardian Golem    Hex/Summ       7%         N/A       28%         3
 Summon Lightning Spire   Summ/Air       7%         N/A       67%         4


Dungeon Overview and Level Annotations

Branches:
Dungeon (1/15)

Altars:


Message History

Your rat's corpse disappears in a puff of smoke!
The goblin hits you with a +0 dagger.
Unknown command.
Your quokka barely misses the goblin.
The goblin hits your quokka with a +0 dagger.
Your quokka barely misses the goblin.
The jackal bites your quokka.
Your quokka closely misses the goblin.
The goblin barely misses your quokka. The jackal bites your quokka.
Your quokka dies!
Your quokka's corpse disappears in a puff of smoke!
Casting: Summon Small Mammal (safe; 4% risk of failure)
Confirm with . or Enter, or press ? or * to list all spells.
The jackal barely misses your rat. The goblin closely misses your rat.
The jackal bites your rat.
Your rat dies!
Your rat's corpse disappears in a puff of smoke!
The kobold throws a stone.
The stone hits you but does no damage.
The kobold throws a stone.
The stone hits you.
Casting: Summon Small Mammal (safe; 4% risk of failure)
Confirm with . or Enter, or press ? or * to list all spells.
You miscast Summon Small Mammal.
You are very lightly contaminated with residual magic.
Nothing appears to happen.
Unknown command.
Things that are here:
a +0 club; a kobold corpse The kobold attacks as you move away!
The kobold hits you with a +0 short sword.
* * * LOW HITPOINT WARNING * * *
The kobold throws a stone.
The stone hits you.
* * * LOW HITPOINT WARNING * * *
There is a large open door, spattered with blood here.
The kobold throws a stone.
The stone hits you but does no damage.
Your magical contamination has completely faded away.
A kobold is nearby!
The kobold throws a stone.
The stone barely misses you.
There is a staircase leading out of the dungeon here.
You can't go down here!
Are you sure you want to leave the Dungeon?
This will make you lose the game!
You have escaped!

############
#........#.#
#...##...+.#
#[.......+.#
#........#.#####
#@.hK....#.Kh..#
#........#.###.#
#........'.#
#.##
#...##...'.#
#..##
#........#.#
##h..
############
#### #


You could see a jackal and a kobold.

Vanquished Creatures (collateral kills)
  A giant cockroach (D:1)
  A ball python (D:1)
  2 kobolds (D:1)
4 creatures vanquished.

Notes
Turn   | Place    | Note
-------+----------+-------------------------------------------
     0 | D:1      | ChadusMaximus the Human Summoner began the quest for the
                  | Orb.
     0 | D:1      | Reached XP level 1. HP: 13/13 MP: 3/3
   155 | D:$      | Got out of the dungeon alive.

Illustrated notes

Levels and vault maps discovered:
D:1:      lemuel_arrival_behind_the_door_large, layout_loops_cross,
          nicolae_eternal_life, minmay_heptomino_h4

Action                   || total
-------------------------++-------
Melee: Unarmed           ||     2
 Cast: Summon Small Mamm ||     9
Armor: Robe              ||     2
Dodge: Dodged            ||     4
